 Dungeon Crawl Stone Soup version 0.30-b1-2-g02819fbbbe (webtiles) character file.

Game seed: 17986655589150291444

1353 HoaS the Skirmisher (level 8, -2/40 (44) HPs)
             Began as a Tengu Hunter on May 20, 2023.
             Was a Follower of Zin.
             Slain by a wight
             ... wielding a +3 short sword of freezing
              (3 damage)
             ... on level 6 of the Dungeon.
             The game lasted 00:10:22 (5626 turns).

HoaS the Skirmisher (Tengu Hunter)                  Turns: 5626, Time: 00:10:23

HP:   -2/40 (44)    AC:  5    Str: 11      XL:     8   Next: 63%
MP:   11/11         EV: 14    Int: 10      God:    Zin [*.....]
Gold: 107           SH:  0    Dex: 18 (20) Spells: 7/7 levels left

rFire   . . .        a - +0 shortbow
rCold   . . .        (shield currently unavailable)
rNeg    . . .        c - +0 leather armour
rPois   +            (helmet restricted)
rElec   .            (no cloak)
rCorr   .            g - +1 pair of gloves
SInv    .            (boots unavailable)
Will    .....        (no amulet)
Stlth   ++           l - ring of poison resistance
HPRegen 0.26/turn    (no ring)
MPRegen 0.12/turn

%: no passive effects
@: flying quickly and evasively, drained, quick
A: beak, talons 3, nimble flight
a: Renounce Religion, Recite, Donate Gold


You were on level 6 of the Dungeon.
You worshipped Zin.
Zin was aware of your devotion.
You visited 2 branches of the dungeon, and saw 8 of its levels.

You collected 190 gold pieces.
You spent 72 gold pieces at shops.
You donated 11 gold pieces to Zin.

Inventory:

Hand Weapons
 a - a +0 shortbow (weapon)
Armour
 c - a +0 leather armour (worn)
 g - a +1 pair of gloves (worn)
Jewellery
 l - a ring of poison resistance (left hand)
Scrolls
 b - 2 scrolls of immolation
Potions
 d - a potion of flight {unknown}
 e - 2 potions of degeneration {unknown}
 f - 3 potions of invisibility
 i - a potion of attraction {unknown}
 j - a potion of mutation {unknown}
 k - 2 potions of haste
 n - 2 potions of brilliance {unknown}
 o - a potion of cancellation {unknown}
 p - 2 potions of curing


   Skills:
 - Level 2.0 Fighting
 * Level 11.3 Ranged Weapons
 - Level 2.1 Dodging
 - Level 1.0 Stealth
 + Level 3.1 Invocations


You had 7 spell levels left.
You didn't know any spells.
Your spell library contained the following spells:

 Spells                   Type           Power      Damage    Failure   Level
 Alistair's Intoxication  Tmut/Pois      0%         N/A       100%        5
 Borgnjor's Vile Clutch   Necr/Erth      0%         N/A       100%        5
 Eringya's Noxious Bog    Tmut/Pois      0%         N/A       100%        6


Dungeon Overview and Level Annotations

Branches:
Dungeon (7/15)             Temple (1/1) D:5

Altars:
Ashenzari
Cheibriados
Dithmenos
Elyvilon
Fedhas
Kikubaaqudgha
Makhleb
Nemelex Xobeh
Sif Muna
Vehumet
Xom
Yredelemnul
Zin

Shops:
D:4 *:

Annotations:
D:4 Duvessa


Innate Abilities, Weirdness & Mutations

You have a beak for a mouth.
You have claws for feet.
Your magical nature lets you fly swiftly and evasively.


Message History

You kill the shadow imp!
The iguana bites you but does no damage.
You shoot an arrow. The arrow hits the iguana!
You kill the iguana!
You feel your dexterity returning.
You shoot an arrow.
The arrow hits the wight but does no damage.
The wight hits you with a +3 short sword of freezing!
The wight freezes you.
You shoot an arrow. The arrow hits the wight!
The wight is almost destroyed.
The wight hits you with a +3 short sword of freezing!
You feel drained. The wight freezes you.
You are too injured to fight recklessly!
You shoot an arrow. The arrow completely misses the wight.
The arrow hits the demonic plant!
The demonic plant begins to die.
The demonic plant is lightly damaged.
The wight barely misses you.
You shoot an arrow. The arrow closely misses the wight.
The arrow hits the demonic plant.
The demonic plant is lightly damaged.
The wight hits you with a +3 short sword of freezing!
* * * LOW HITPOINT WARNING * * *
You feel drained.
* * * LOW HITPOINT WARNING * * *
The wight freezes you.
* * * LOW HITPOINT WARNING * * *
You shoot an arrow.
The arrow hits the wight but does no damage.
The wight is almost destroyed.
A nearby demonic plant withers and dies.
The wight hits you with a +3 short sword of freezing.
* * * LOW HITPOINT WARNING * * *
The wight freezes you. Zin protects you from harm!
You feel better.
The wight hits you with a +3 short sword of freezing!
* * * LOW HITPOINT WARNING * * *
The wight freezes you.
You die...

###### #.....
###.....######
.5.PP.........>#
#.≈§§......###@#
#5≈§§......###z###
..§§5...........#
#§§§.....#.#.#.#
#### #.......#...♣~♣
...###.c.....##♣..~§
.P.........5.#
.~~~§§
..#####......#
♣~~~§♣# .♣#
######....~~~5P


You could see a wight.

Vanquished Creatures
  A water moccasin (D:6)
  An ogre (D:5)
  A centaur (D:7)
  4 scorpions
  4 wights (D:6)
  Dowan (D:4)
  A jelly (D:5)
  A quasit (D:7)
  A hound (D:5)
  A gnoll bouda (D:5)
  An orc priest (D:6)
  3 iguanas
  2 orc wizards
  Natasha (D:3)
  4 gnolls (D:5)
  9 adders
  3 shadow imps
  2 white imps
  4 ufetubi
  3 worms
  3 dart slugs
  7 orcs
  4 bats
  14 endoplasms
  3 giant cockroaches (D:3)
  7 goblins
  9 hobgoblins
  3 jackals (D:3)
  4 quokkas
  11 ball pythons
  7 frilled lizards
  8 kobolds
  6 rats
134 creatures vanquished.

Vanquished Creatures (others)
  A white imp (D:6)
  An ufetubus (D:6)
  9 demonic plants (D:6)
11 creatures vanquished.

Grand Total: 145 creatures vanquished

Notes
Turn   | Place    | Note
-------+----------+-------------------------------------------
     0 | D:1      | HoaS the Tengu Hunter began the quest for the Orb.
     0 | D:1      | Reached XP level 1. HP: 12/12 MP: 2/2
    90 | D:1      | Reached XP level 2. HP: 10/17 MP: 3/3
   112 | D:1      | Reached skill level 5 in Ranged Weapons
   178 | D:1      | Found a faded altar of an unknown god.
   288 | D:1      | Reached XP level 3. HP: 21/21 MP: 4/4
   936 | D:2      | Reached skill level 6 in Ranged Weapons
   960 | D:2      | Reached XP level 4. HP: 26/26 MP: 5/5
  1021 | D:2      | Found a basalt altar of Yredelemnul.
  1793 | D:3      | Gained mutation: Your magical nature lets you fly swiftly
                  | and evasively. [Tengu growth]
  1793 | D:3      | Reached XP level 5. HP: 30/30 MP: 6/6
  1838 | D:3      | Noticed Natasha
  1880 | D:3      | Killed Natasha
  1881 | D:3      | Reached skill level 7 in Ranged Weapons
  2722 | D:4      | HP: 1/30 [orc/boomerang (6)]
  3034 | D:4      | Found Nemo's General Store.
  3042 | D:4      | Bought a scroll of teleportation for 36 gold pieces
  3042 | D:4      | Bought a potion of curing for 36 gold pieces
  3143 | D:4      | Found Heaff's Book Emporium.
  3150 | D:4      | Noticed Dowan
  3184 | D:4      | Killed Dowan
  3185 | D:4      | Reached skill level 8 in Ranged Weapons
  3185 | D:4      | Reached XP level 6. HP: 12/35 MP: 7/7
  3322 | D:4      | Noticed Duvessa
  3406 | D:5      | Entered Level 5 of the Dungeon
  3406 | D:5      | Found a radiant altar of Vehumet.
  3603 | D:5      | Found a broken altar of Ashenzari.
  3654 | D:5      | Reached skill level 9 in Ranged Weapons
  3654 | D:5      | Reached XP level 7. HP: 10/40 MP: 8/8
  4040 | D:5      | Found a staircase to the Ecumenical Temple.
  4078 | Temple   | Entered the Ecumenical Temple
  4271 | Temple   | Became a worshipper of Zin the Law-Giver
  4319 | D:5      | Reached * piety under Zin
  4652 | D:6      | Reached skill level 10 in Ranged Weapons
  4652 | D:6      | Reached skill level 1 in Invocations
  4840 | D:6      | Reached XP level 8. HP: 35/44 MP: 10/10
  5199 | D:6      | HP: 1/39 [wight/+3 short sword of freezing (2)]
  5434 | D:7      | Reached skill level 11 in Ranged Weapons
  5625 | D:6      | HP: 1/40 [wight/+3 short sword of freezing (3)]
  5625 | D:6      | Zin protects you from harm!
  5626 | D:6      | Slain by a wight

Illustrated notes

Levels and vault maps discovered:
D:1:      psy_arrival_whirlpool, layout_loops_ring,
          hellmonk_ecumenical_altar_slurped_away,
          nicolae_kite_square_tiling_tiny
D:2:      layout_basic, basic_altar
D:3:      minmay_wonky_spiral, layout_basic, uniq_natasha
D:4:      minmay_chambers_of_threes, layout_gridville,
          nicolae_gozag_zags_fifth_avenue, nicolae_uskayaw_dance_hall,
          serial_shops, shop, shop, uniq_duvessa
D:5:      layout_cave_pools, kennysheep_mini, vehumet_crystals,
          minmay_temple_entry_mini_moons
D:6:      layout_basic, serial_demonic, serial_demonic_d, serial_demonic_g,
          serial_demonic_g, serial_demonic_g, serial_demonic_b,
          serial_demonic_d, serial_demonic_f, serial_bayou_pond_a, uniq_maggie
D:7:      layout_loops_cross, ebering_ghost_reflecting_pool
Temple:   bh_familiar_temple

Skill      XL: |  1  2  3  4  5  6  7  8 |
---------------+-------------------------+-----
Ranged Weapons | 5 6 8 9 10 11 | 11.3
Invocations    | 1 3 |  3.1
Fighting       | |  2.0
Dodging        | |  2.1
Stealth        | |  1.0

Action                     |  1- 3 |  4- 6 |  7- 9 || total
---------------------------+-------+-------+-------++-------
  Melee: Shortbow          |       |       |     1 ||     1
   Fire: Shortbow          |    79 |   239 |   192 ||   510
    Use: Scroll            |     2 |     5 |     3 ||    10
         Potion            |       |       |     4 ||     4
 Armour: Leather armour    |     2 |    27 |    38 ||    67
  Dodge: Dodged            |    10 |    73 |   140 ||   223
